 Dungeon Crawl Stone Soup version 0.30.0-5-g1a98f26d00 (webtiles) character file.

Game seed: 17026231355151124497

196 qeuew the Covered (level 5, 0/47 HPs)
             Began as a Minotaur Fighter on May 12, 2023.
             Slain by an orc wizard
             ... wielding a +0 dagger
              (1 damage)
             ... on level 3 of the Dungeon.
             The game lasted 00:02:04 (1650 turns).

qeuew the Covered (Minotaur Fighter)                Turns: 1650, Time: 00:02:04

Health: 0/47       AC:  7    Str: 20    XL:     5   Next: 46%
Magic:  4/4        EV: 10    Int:  5    God:
Gold:   43         SH:  6    Dex: 12    Spells: 4/4 levels left

rFire   . . .        a - +0 war axe
rCold   . . .        c - +1 buckler
rNeg    . . .        b - +0 scale mail
rPois   .            (helmet restricted)
rElec   .            (no cloak)
rCorr   .            (no gloves)
SInv    .            (no boots)
Will    .....        (no amulet) Stlth
                     (no ring)
HPRegen 0.27/turn    (no ring)
MPRegen 0.09/turn

%: no passive effects
@: no status effects
A: horns 2, retaliatory headbutt
a: no special abilities


You were on level 3 of the Dungeon.
You visited 1 branch of the dungeon, and saw 4 of its levels.

You collected 43 gold pieces.

Inventory:

Hand Weapons
 a - a +0 war axe (weapon)
Armour
 b - a +0 scale mail (worn)
 c - a +1 buckler (worn)
Scrolls
 g - 3 scrolls of identify
 k - a scroll of enchant armour
 l - 3 scrolls of fear {unknown}
 m - a scroll of enchant weapon {unknown}
Potions
 d - a potion of might
 e - a potion of resistance
 f - 2 potions of ambrosia {unknown}
 h - 2 potions of curing {unknown}
 i - a potion of flight
 j - a potion of heal wounds


   Skills:
 + Level 4.4 Fighting
 + Level 3.5 Axes
 * Level 5.2 Armour
 + Level 2.0 Dodging
 + Level 4.4 Shields


You had 4 spell levels left.
You didn't know any spells.
Your spell library was empty.

Dungeon Overview and Level Annotations

Branches:
Dungeon (4/15)
 Temple: D:4-7

Altars:


Innate Abilities, Weirdness & Mutations

You have a pair of horns on your head.
You reflexively headbutt those who attack you in melee.


Message History

You kill the orc priest!
You hit something but do no damage. Something hits you but does no damage.
Your Dodging skill increases to level 2!
Something hits you but does no damage.
You miss something. Something hits you.
You hit something. Something hits you. Something hits you but does no damage.
You closely miss something. Your headbutt misses something.
Something hits you but does no damage.
You completely miss something. Something hits you but does no damage.
You closely miss something. Your headbutt misses something. Something hits you.
You block something's attack.
You hit something. Something hits you.
You miss something. Your headbutt misses something. Something hits you.
Something hits you but does no damage.
You closely miss something. Something hits you.
* * * LOW HITPOINT WARNING * * *
You closely miss something.
You hear some strange, mumbled words.
Something tries to affect you, but you resist.
You miss something. Something hits you.
* * * LOW HITPOINT WARNING * * *
Something hits you but does no damage.
You miss something. Your headbutt misses something.
You hear some strange, mumbled words.
You are confused.
You hear some strange, mumbled words.
A puff of flame appears from out of thin air!
The puff of flame hits you!
* * * LOW HITPOINT WARNING * * *
Something hits you.
* * * LOW HITPOINT WARNING * * *
You completely miss something. Your headbutt misses something.
Something completely misses you.
You're too confused to move!
You feel less confused. Something hits you.
* * * LOW HITPOINT WARNING * * *
You barely miss something.
Something hits you but does no damage. x2
You closely miss something. Your headbutt misses something. Something hits you.
You die...

#.........#
#.........#
#......>..#
#.........##
#......!....
#.........#
#$........#
#.@.).....#
#..)......#
#.........#
##......:##
##.....#######
#######(........
#.....#.........
#...............
#.....>..#####..


There were no monsters in sight!

Vanquished Creatures
  A scorpion (D:4)
  A howler monkey (D:4)
  An orc priest (D:3)
  An adder (D:4)
  An ufetubus (D:4)
  A worm (D:2)
  2 dart slugs (D:1)
  An orc (D:3)
  6 bats (D:1)
  2 endoplasms (D:1)
  2 giant cockroaches
  6 goblins
  6 hobgoblins
  5 kobolds
  2 quokkas
  4 ball pythons
  2 frilled lizards
  4 rats
48 creatures vanquished.

Notes
Turn   | Place    | Note
-------+----------+-------------------------------------------
     0 | D:1      | qeuew the Minotaur Fighter began the quest for the Orb.
     0 | D:1      | Reached XP level 1. HP: 19/19 MP: 0/0
   175 | D:1      | Reached XP level 2. HP: 27/27 MP: 1/1
   344 | D:1      | Reached skill level 4 in Armour
   667 | D:1      | Reached XP level 3. HP: 33/33 MP: 2/2
   957 | D:2      | Reached skill level 1 in Dodging
  1366 | D:2      | You fall into a shaft and drop 2 floors!
  1376 | D:4      | Noticed a scorpion
  1384 | D:4      | Killed a scorpion
  1385 | D:4      | Reached XP level 4. HP: 11/40 MP: 3/3
  1507 | D:4      | Reached skill level 5 in Armour
  1507 | D:4      | Reached XP level 5. HP: 47/47 MP: 4/4
  1646 | D:3      | HP: 2/47 [something (2)]
  1650 | D:3      | Slain by an orc wizard

Illustrated notes

Levels and vault maps discovered:
D:1:      ncdulo_smallfort, layout_basic
D:2:      layout_basic
D:3:      layout_rooms, serial_shops, nicolae_shop_advertising_works
          [nicolae_subvault_shop_adworks], shop, shop_statue, shop,
          dk_noncrumbling_4
D:4:      layout_cave_pods

Skill      XL: |  1  2  3  4  5 |
---------------+----------------+-----
Armour         | 4 5 |  5.2
Shields        | 4 |  4.4
Dodging        | 1 2 |  2.0
Fighting       | 4 |  4.4
Axes           | 3 |  3.5

Action                     |  1- 3 |  4- 6 || total
---------------------------+-------+-------++-------
  Melee: War axe           |    88 |    42 ||   130
         Headbutt          |     9 |     2 ||    11
    Use: Scroll            |     7 |       ||     7
         Potion            |       |     1 ||     1
 Armour: Scale mail        |    48 |    30 ||    78
  Dodge: Dodged            |    51 |    15 ||    66
  Block: Buckler           |    23 |    12 ||    35
